 Dungeon Crawl Stone Soup version 0.24-a0-290-gbb66a672fa (webtiles) character file.

Game seed: 16969624704197529083

190 CedricTheThird the Ruffian (level 5, 0/50 HPs)
             Began as a Troll Monk on May 8, 2019.
             Slain by an orc wizard
             ... wielding a +2 dagger of venom
              (3 damage)
             ... on level 3 of the Dungeon.
             The game lasted 00:02:51 (1498 turns).

CedricTheThird the Ruffian (Troll Monk)             Turns: 1498, Time: 00:02:52

Health: 0/50       AC:  6    Str: 20    XL:     5   Next: 41%
Magic:  4/4        EV: 10    Int:  6    God:
Gold:   151        SH:  0    Dex: 12    Spells: 4/4 levels left

rFire    . . .     SeeInvis .     - Unarmed
rCold    . . .     Gourm    +   (no shield)
rNeg     . . .     Faith    .   a - +0 robe
rPois    .         Spirit   .   (helmet restricted)
rElec    .         Reflect  .   (no cloak)
rCorr    .         Harm     .   (gloves unavailable)
MR       .....                  (boots unavailable)
Stlth    ++........             (no amulet)
HPRegen  0.56/turn              (no ring)
MPRegen  0.09/turn              (no ring)

@: lethally poisoned (0 -> -3), flying, slowed, very slow
A: large, unfitting armour, claws 3, fast metabolism 3, gourmand, regeneration
1, shaggy fur 1, tough skin 3
a: no special abilities


You were on level 3 of the Dungeon.
You were hungry.

You visited 1 branch of the dungeon, and saw 3 of its levels.

You collected 151 gold pieces.

Inventory:

Armour
 a - a +0 robe (worn)
Jewellery
 e - a cursed -4 ring of evasion {unknown}
 g - an uncursed amulet of guardian spirit {unknown}
 h - an uncursed ring of magical power {unknown}
 l - an uncursed amulet of the acrobat {unknown}
Scrolls
 c - 2 scrolls of noise {unknown}
 d - a scroll of enchant armour {unknown}
 i - 3 scrolls of teleportation {unknown}
 j - a scroll of amnesia {unknown}
Potions
 f - a potion of magic {unknown}
 k - a potion of might {unknown}
Comestibles
 b - 5 rations


   Skills:
 - Level 2.4 Fighting
 - Level 2.4 Dodging
 - Level 1.0 Stealth
 + Level 6.2 Unarmed Combat


You had 4 spell levels left.
You didn't know any spells.
Your spell library was empty.

Dungeon Overview and Level Annotations

Branches:
Dungeon (3/15)

Altars:
Dithmenos


Innate Abilities, Weirdness & Mutations

You are too large for most types of armour.
You have claws for hands.
Your metabolism is lightning-fast.
You like to eat raw meat.
Your natural rate of healing is unusually fast.
You are covered in fur. (AC +1)
You have extremely tough skin. (AC +3)


Message History

The orc hits you with a +0 short sword.
* * * LOW HITPOINT WARNING * * *
The orc wizard closely misses you. The orc closely misses you.
You barely miss the orc.
The orc is almost dead.
You feel sick.
The orc wizard gestures at you while chanting.
The magic dart hits you.
* * * LOW HITPOINT WARNING * * *
The orc wizard hits you with a +2 dagger of venom.
* * * LOW HITPOINT WARNING * * *
You are lethally poisoned!
The orc barely misses you.
It was a potion of flight.
You feel very buoyant.
You fly up into the air.
* * * LOW HITPOINT WARNING * * *
You feel sick.
The orc wizard hits you with a +2 dagger of venom.
You die...

###..# ##...## ###.#
.....## ##'## #...#
#.###.## #.# #.###
.## ##.### #.# #.# .#
#...####.## #.# .##
#.........#### #.#
#.# #.##.##.........
#.# ###
###################.#
.......!oo@....##.#
..#...#).o#...#...#
................###
..#...#.[.#...###
...............#
################


You could see an orc wizard and 2 orcs.

Vanquished Creatures
  Terence (D:2)
  Natasha (thrice) (D:2)
  2 adders (D:2)
  An ooze (D:1)
  3 worms (D:2)
  A dart slug (D:3)
  2 orcs (D:3)
  3 ball pythons
  10 bats
  4 giant cockroaches
  7 goblins
  5 hobgoblins
  6 frilled lizards
  9 kobolds
  2 rats
59 creatures vanquished.

Notes
Turn   | Place    | Note
-------+----------+-------------------------------------------
     0 | D:1      | CedricTheThird the Troll Monk began the quest for the Orb.
     0 | D:1      | Reached XP level 1. HP: 22/22 MP: 0/0
   117 | D:1      | Reached XP level 2. HP: 29/29 MP: 1/1
   402 | D:1      | Reached skill level 4 in Unarmed Combat
   564 | D:2      | Reached XP level 3. HP: 36/36 MP: 2/2
   690 | D:2      | Noticed Terence
   718 | D:2      | Killed Terence
   718 | D:2      | Reached XP level 4. HP: 8/44 MP: 3/3
   722 | D:2      | Reached skill level 5 in Unarmed Combat
   865 | D:2      | Found a shadowy altar of Dithmenos.
   865 | D:2      | Noticed Natasha
   872 | D:2      | Killed Natasha
  1030 | D:2      | Noticed Natasha
  1044 | D:2      | Killed Natasha
  1044 | D:2      | Reached XP level 5. HP: 49/50 MP: 4/4
  1218 | D:2      | Noticed Natasha
  1221 | D:2      | Killed Natasha
  1221 | D:2      | Reached skill level 6 in Unarmed Combat
  1498 | D:3      | Slain by an orc wizard

Levels and vault maps discovered:
D:1:      matt_arrival_diagonals, layout_basic
D:2:      layout_loops_ring, grunt_dithmenos_smoke_and_mirrors, uniq_natasha,
          uniq_terence
D:3:      layout_loops_corners, lemuel_coloured_pillars_altar,
          nicolae_overflow_hidden_temple, patterned_corridor

Skill      XL: |  1  2  3  4  5 |
---------------+----------------+-----
Unarmed Combat | 4 5 6 |  6.2
Fighting       | |  2.4
Dodging        | |  2.4
Stealth        | |  1.0

Action                   |  1- 3 |  4- 6 || total
-------------------------+-------+-------++-------
Melee: Unarmed           |    83 |    64 ||   147
       Punch             |     2 |     1 ||     3
  Use: Potion            |     2 |     1 ||     3
 Stab: Sleeping          |     2 |     5 ||     7
  Eat: Chunk             |     4 |     6 ||    10
Armor: Robe              |    34 |    23 ||    57
Dodge: Dodged            |    46 |    27 ||    73

Table legend:
 A = Non-vault XP
 B = Vault XP
 C = Vault XP percentage of total XP
 D = Non-vault monster count
 E = Vault monster count
 F = Vault count percentage of total count
                 A         B        C        D         E       F
            +---------+---------+-------+---------+---------+-------
      Total |     201 |      71 |  26.1 |      57 |       2 |   3.4
            +---------+---------+-------+---------+---------+-------
        D:1 |      39 |       0 |   0.0 |      21 |       0 |   0.0
        D:2 |     136 |      71 |  34.3 |      22 |       2 |   8.3
        D:3 |      26 |       0 |   0.0 |      14 |       0 |   0.0
            +---------+---------+-------+---------+---------+-------
